Map: 2000 Atmospheres LE

Players

SKillous - Winner!

  • Race: Protoss Protoss
  • League: Grandmaster

GOStephano (Stephano)

  • Race: Zerg Zerg
  • League: Grandmaster

Event: DreamHack SC2 Masters 2021 Summer

VOD

Have the link to the VOD?

Description

Time

  • Played on: May 21, 2021, 10:46 a.m.
  • Length: 13:46

All games in this series

Show
View Real Time Build Order
Export as new Build Order

SKillous Protoss - Winner!

Build Orders: 1 Gate Expand, Oracle Opening, Zealot Archon 

Get SALT Encoding   

  12  0:00  Probe  
  13  0:12  Probe  
  14  0:19  Pylon  
  14  0:24  Probe  
  15  0:37  Probe (Chrono Boost)  
  15  0:39  Gateway  
  16  0:46  Probe (Chrono Boost)  
  16  0:48  Assimilator  
  17  0:51  Probe (Chrono Boost)  
  18  1:03  Probe  
  19  1:15  Probe  
  20  1:26  Nexus  
  20  1:36  Cybernetics Core  
  20  1:39  Probe  
  21  1:46  Assimilator  
  21  1:51  Probe  
  22  1:54  Pylon  
  22  2:04  Probe  
  23  2:09  Adept (Chrono Boost)  
  25  2:17  Probe  
  25  2:18  Stargate  
  26  2:29  Stalker (Chrono Boost)  
  27  2:30  Probe (Chrono Boost)  
  27  2:34  Warp Gate  
  29  2:38  Probe (Chrono Boost)  
  31  2:47  Probe (Chrono Boost)  
  31  2:48  Probe (Chrono Boost)  
  32  2:52  Adept  
  32  2:53  Probe x2 (Chrono Boost)  
  36  3:03  Oracle (Chrono Boost)  
  36  3:04  Probe  
  37  3:08  Probe  
  37  3:10  Pylon  
  41  3:16  Probe  
  42  3:20  Probe  
  42  3:21  Gateway  
  43  3:29  Probe  
  43  3:32  Probe  
  43  3:34  Oracle  
  48  3:41  Probe  
  49  3:45  Probe  
  49  3:53  Probe  
  50  3:57  Probe  
  50  4:02  Nexus  
  51  4:03  Pylon  
  51  4:07  Probe  
  52  4:10  Assimilator  
  52  4:13  Assimilator  
  52  4:14  Probe  
  53  4:19  Forge  
  53  4:21  Oracle  
  53  4:22  Twilight Council  
  56  4:27  Probe x2 (Chrono Boost)  
  59  4:39  Probe (Chrono Boost)  
  59  4:40  Probe (Chrono Boost)  
  60  4:46  Probe x2 (Chrono Boost)  
  60  4:48  Protoss Ground Weapons Level 1 (Chrono Boost), Shield Battery, Charge  
  60  4:50  Pylon  
  58  4:54  Probe x2  
  58  4:55  Gateway  
  58  4:56  Gateway  
  60  5:03  Adept  
  62  5:08  Adept  
  62  5:09  Probe x2 (Chrono Boost)  
  62  5:13  Robotics Facility  
  66  5:15  Probe (Chrono Boost)  
  69  5:25  Probe x3 (Chrono Boost)  
  70  5:35  Probe  
  71  5:37  Gateway x2  
  71  5:40  Probe x2, Gateway  
  71  5:41  Gateway  
  71  5:42  Sentry  
  75  5:43  Sentry  
  75  5:45  Pylon  
  75  5:47  Probe  
  78  5:51  Templar Archives  
  78  5:53  Pylon  
  78  5:57  Probe  
  79  5:59  Probe  
  79  6:02  Probe  
  79  6:03  Observer  
  82  6:06  Shield Battery, Assimilator  
  82  6:07  Photon Cannon  
  82  6:08  Assimilator  
  82  6:13  Zealot x2  
  86  6:26  Probe x2  
  86  6:27  Probe  
  86  6:29  High Templar x2  
  86  6:32  Warp Prism (Chrono Boost)  
  93  6:33  High Templar  
  93  6:34  Archon  
  93  6:38  Pylon  
  93  6:39  Zealot  
  100  6:41  Pylon  
  100  6:42  High Templar  
  100  6:45  Pylon x3  
  101  6:53  Protoss Ground Weapons Level 2 (Chrono Boost)  
  101  6:56  Probe  
  101  7:00  Zealot x4  
  111  7:01  Probe x2  
  111  7:07  Zealot x3  
  118  7:10  Archon  
  118  7:17  Probe  
  118  7:20  High Templar x2  
  118  7:21  Zealot x3  
  129  7:25  Probe, Archon  
  128  7:32  Immortal (Chrono Boost)  
  128  7:36  Zealot x3  
  116  7:44  Probe  
  116  7:48  High Templar  
  116  7:49  High Templar, Zealot  
  123  7:52  Pylon  
  123  7:54  Blink (Chrono Boost)  
  121  8:01  Probe  
  121  8:04  Nexus  
  121  8:05  Pylon  
  116  8:08  Immortal (Chrono Boost)  
  116  8:12  Archon, High Templar  
  120  8:13  High Templar, Zealot x4  
  120  8:16  Pylon  
  120  8:17  Pylon  
  130  8:20  Shield Battery  
  130  8:21  Archon, Shield Battery  
  130  8:25  Shield Battery  
  130  8:28  High Templar x2  
  130  8:29  Pylon  
  130  8:30  Shield Battery  
  130  8:33  Pylon  
  130  8:34  Archon  
  134  8:40  Stalker x4  
  138  8:51  Zealot x2  
  138  8:54  Immortal  
  143  9:01  Stalker x2  
  145  9:06  Protoss Ground Weapons Level 3 (Chrono Boost)  
  145  9:08  Probe  
  145  9:12  Photon Cannon  
  145  9:15  Stalker x5  
  153  9:24  Stalker  
  155  9:37  Zealot x2  
  153  9:45  Zealot x5  
  132  9:57  Zealot x3  
  132  10:05  Zealot x3  
  132  10:06  Zealot x2  
  143  10:07  Probe x2  
  144  10:19  Zealot x3  
  140  10:24  Gateway  
  140  10:27  Gateway  
  140  10:28  Immortal  
  142  10:29  Gateway x2  
  142  10:30  Zealot x5  
  150  10:36  Probe  
  151  10:47  Stalker x3  
  147  10:55  Stalker x4  
  155  10:57  Psionic Storm  
  155  10:58  Sentry  
  155  10:59  Nexus  
  155  11:01  Pylon  
  155  11:08  Immortal  
  155  11:14  Zealot x4  
  161  11:24  Zealot x3  
  163  11:28  Probe  
  163  11:29  Probe  
  163  11:30  Probe x2  
  163  11:31  High Templar x4  
  163  11:32  High Templar, Assimilator  
  175  11:33  Assimilator  
  175  11:35  Fleet Beacon  
  175  11:37  Zealot  
  177  11:43  Archon x2  
  177  11:44  Zealot x4  
  168  11:59  High Templar x3  
  172  12:17  Zealot x2  
  172  12:18  Zealot x7  
  172  12:21  Nexus  
  190  12:23  Pylon  
  178  12:34  Zealot x3  
  176  12:39  Zealot x9  
  183  13:01  Probe x3 (Chrono Boost), Shield Battery  
  183  13:03  Photon Cannon  
  183  13:04  Photon Cannon  
  169  13:08  Assimilator  
  169  13:09  Assimilator  
  157  13:25  Zealot x8  
  165  13:40  High Templar x4  
Show
View Real Time Build Order
Export as new Build Order

GOStephano Zerg 

Build Orders: Hatch First, Lurkers, Swarm Host 

Get SALT Encoding   

  12  0:00  Drone  
  13  0:12  Overlord  
  13  0:17  Drone  
  14  0:30  Drone x2  
  16  0:49  Hatchery  
  15  0:51  Drone  
  15  0:54  Drone  
  17  0:58  Drone  
  18  1:08  Extractor  
  17  1:13  Spawning Pool  
  17  1:17  Drone  
  17  1:20  Drone  
  18  1:28  Drone  
  19  1:39  Drone  
  20  1:49  Drone  
  21  2:01  Queen x2, Zergling x2  
  24  2:03  Drone  
  27  2:10  Overlord  
  27  2:13  Metabolic Boost  
  27  2:15  Drone  
  28  2:29  Zergling x2  
  29  2:30  Drone  
  29  2:34  Hatchery  
  29  2:39  Queen  
  29  2:43  Drone  
  32  2:47  Overlord  
  32  2:50  Drone  
  33  2:52  Drone  
  34  3:00  Drone x2  
  36  3:13  Drone x2  
  36  3:14  Drone x2  
  36  3:15  Drone  
  41  3:20  Queen  
  41  3:22  Drone  
  41  3:25  Spore Crawler  
  43  3:27  Overlord  
  43  3:34  Drone  
  43  3:39  Overlord  
  44  3:42  Overlord  
  44  3:44  Overlord  
  44  3:46  Zergling x2  
  44  3:47  Zergling x2  
  46  3:49  Zergling x2  
  46  3:50  Drone  
  46  3:52  Drone  
  49  3:57  Drone  
  49  4:00  Drone x2  
  51  4:03  Drone x2  
  51  4:05  Spore Crawler  
  51  4:06  Drone  
  51  4:08  Drone x2  
  55  4:15  Drone, Spore Crawler  
  55  4:22  Zergling x4  
  55  4:23  Drone  
  55  4:24  Drone x2  
  60  4:26  Extractor  
  60  4:27  Extractor, Roach Warren  
  57  4:34  Drone x6  
  61  4:39  Zergling x2  
  61  4:42  Drone  
  63  4:47  Drone  
  63  4:51  Drone x4  
  66  4:55  Lair  
  66  4:58  Drone x3  
  69  5:04  Evolution Chamber  
  68  5:10  Drone  
  68  5:12  Overlord  
  69  5:14  Drone x3  
  69  5:15  Drone  
  71  5:32  Drone x2  
  71  5:35  Drone x8  
  78  5:38  Extractor  
  78  5:40  Extractor  
  76  5:43  Zerg Missile Weapons Level 1  
  76  5:46  Drone x6  
  76  5:47  Extractor  
  76  5:49  Hatchery  
  80  5:53  Queen  
  82  6:03  Overlord x2, Glial Reconstitution  
  82  6:06  Overlord  
  82  6:11  Infestation Pit  
  81  6:14  Overlord  
  81  6:15  Overseer  
  81  6:18  Queen  
  82  6:20  Drone x3  
  82  6:25  Drone x5  
  83  6:28  Overlord  
  83  6:39  Overlord x4  
  83  6:51  Roach x11  
  104  6:55  Roach x2  
  108  7:03  Roach  
  108  7:04  Roach x3  
  116  7:11  Ravager  
  116  7:12  Ravager x3, Roach  
  116  7:13  Roach x3  
  128  7:23  Roach x7  
  136  7:31  Roach  
  136  7:32  Roach x2  
  137  7:38  Roach x4  
  133  7:44  Roach  
  133  7:45  Roach x3  
  133  7:51  Roach x6  
  151  7:58  Overlord  
  147  7:59  Overlord  
  147  8:02  Overlord  
  147  8:04  Overlord x2  
  145  8:09  Zerg Missile Weapons Level 2  
  145  8:19  Swarm Host x5  
  148  8:23  Ravager x2  
  162  8:27  Swarm Host x2  
  162  8:33  Swarm Host x3  
  175  8:45  Ravager, Swarm Host x2  
  182  8:58  Swarm Host x3  
  182  9:03  Zergling x20  
  182  9:08  Overlord x2  
  190  9:11  Ravager x2  
  190  9:15  Hydralisk Den  
  189  9:37  Roach x5  
  189  9:38  Roach x3  
  197  9:45  Roach x7  
  199  9:46  Roach  
  185  9:53  Roach x6  
  172  10:00  Roach x6  
  172  10:01  Roach  
  175  10:09  Roach x4  
  175  10:10  Roach  
  167  10:19  Grooved Spines  
  160  10:29  Hydralisk x6  
  172  10:35  Hydralisk x2  
  172  10:41  Hydralisk  
  178  10:46  Hydralisk  
  178  10:47  Hydralisk  
  182  10:50  Spore Crawler  
  181  10:58  Drone x9  
  181  11:01  Ravager  
  181  11:02  Ravager  
  192  11:12  Zergling x16  
  197  11:31  Muscular Augments  
  197  11:32  Extractor, Lurker Den, Infestation Pit  
  195  11:34  Extractor  
  193  11:43  Hydralisk x3  
  193  11:51  Hydralisk  
  191  11:58  Hive  
  191  11:59  Evolution Chamber  
  191  12:09  Overlord  
  191  12:12  Overseer x3  
  178  12:30  Hydralisk x10  
  180  12:42  Hydralisk x6  
  176  12:47  Zergling x4  
  176  12:48  Zergling x12  
  142  13:00  Lurker x3  
  134  13:05  Hydralisk x4  
  133  13:12  Lurker  
  133  13:18  Zergling x8  
  128  13:31  Hatchery  
Tags
 
Add a new tag
Caveats
  • Supply blocks, unpowered buildings, or Contaminate may cause inaccurate times.
  • Supply counts are checked every 10 seconds.